 Dungeon Crawl Stone Soup version 0.21-a0-538-gd16b88a (webtiles) character file.

2426 Lasiace the Cudgeler (level 9, 0/89 HPs)
             Began as an Ogre Arcane Marksman on Dec 16, 2017.
             Was a Priest of Ru.
             Slain by an orc warrior
             ... wielding a +0 broad axe
              (22 damage)
             ... in a bailey.
             The game lasted 01:10:56 (10056 turns).

Lasiace the Cudgeler (Ogre Arcane Marksman)        Turns: 10056, Time: 01:10:56

Health: 0/89       AC:  5    Str: 16    XL:     9   Next: 48%
Magic:  9/15       EV: 10    Int: 14    God:    Ru [***...]
Gold:   352        SH:  0    Dex: 12    Spells: 10/16 levels left

rFire    x . .     SeeInvis .   a - +0 morningstar
rCold    x . .     Gourm    .   (no shield)
rNeg     + . .     Faith    .   d - +2 robe {MR+}
rPois    .         Spirit   .   (helmet restricted)
rElec    .         Reflect  .   (no cloak)
rCorr    .         Harm     .   (gloves unavailable)
MR       +....                  (boots unavailable)
Stlth    +.........             (no amulet)
HPRegen  0.24/turn              I - ring of positive energy
MPRegen  0.14/turn              (no ring)

@: no scrolls
A: large, unfitting armour, tough skin 1, inability to read while threatened,
temperature sensitive
a: Draw Out Power, Renounce Religion


You were in a bailey.
You worshipped Ru.
Ru was most pleased with you.
You were not hungry.

You visited 1 branch of the dungeon, and saw 7 of its levels.
You also visited: Bailey.

You collected 352 gold pieces.

Inventory:

Hand Weapons
 a - a +0 morningstar (weapon)
 b - a +3 fustibalus
 z - a +0 giant club
 A - a +0 flail
Missiles
 h - 143 stones {@Q0}
 l - 22 poisoned needles
 q - 23 tomahawks of returning (quivered) {@Q5}
 r - 25 sling bullets {@Q3}
 t - 2 throwing nets {=f !f}
 F - 2 large rocks {@Q6}
Armour
 d - a +2 robe of magic resistance (worn)
 D - a +0 shield
Jewellery
 I - a ring of positive energy (left hand)
 U - an uncursed ring of fire
Wands
 n - a wand of digging (12)
 y - a wand of flame (13)
Scrolls
 i - 2 scrolls of remove curse
 j - 2 scrolls of teleportation {@r3}
 o - a scroll of amnesia
Potions
 c - a potion of agility {unknown}
 e - 4 potions of haste
 g - a potion of invisibility
 k - 5 potions of curing {@q2}
 w - a potion of heal wounds {@q1}
 C - a potion of flight {unknown}
Books
 B - a book of Debilitation

   Spells                             Type                      Level
   a - Corona                         Hexes                        1
   b - Slow                           Hexes                        2
   c - Inner Flame                    Hexes/Fire                   3
   d - Portal Projectile              Hexes/Translocation          3
   e - Cause Fear                     Hexes                        4
   f - Leda's Liquefaction            Hexes/Earth                  4
 E - a book of Maledictions

   Spells                             Type                      Level
   a - Corona                         Hexes                        1
   b - Ensorcelled Hibernation        Hexes/Ice                    2
   c - Confuse                        Hexes                        3
   d - Tukima's Dance                 Hexes                        3
   e - Dazzling Spray                 Conjuration/Hexes            3
Comestibles
 f - 3 bread rations
 m - 3 chunks of flesh


   Skills:
 - Level 6.2 Fighting
 + Level 7.6 Maces & Flails
 - Level 4.0 Throwing
 - Level 2.0 Dodging
 - Level 4.0 Spellcasting
 - Level 6.0 Hexes


You had 10 spell levels left.
You knew the following spells:

 Your Spells              Type           Power        Failure   Level  Hunger
a - Corona                Hex            ###....      1%          1    None
b - Slow                  Hex            ###.....     2%          2    ##.....
g - Portal Projectile     Hex/Tloc       ##....       17%         3    ###....


Dungeon Overview and Level Annotations

Branches:
Dungeon (7/15)             Temple (0/1) D:7

Altars:
Cheibriados
Dithmenos
Gozag
Kikubaaqudgha
Nemelex Xobeh
Ru
Yredelemnul


Innate Abilities, Weirdness & Mutations

You are too large for most types of armour.
You have tough skin. (AC +1)
You cannot read scrolls while threatened.
You are sensitive to extremes of temperature. (rF-, rC-)


Message History

Press: ? - help, Shift-Dir - straight line, p - orc warrior You can't see that place. [a stone wall.]
Okay, then.
An orc warrior is nearby!
Evoke which item? (* to show all) (? for menu, Esc to quit)
Aiming: Dig
Press: ? - help, Shift-Dir - straight line, p - orc warrior The rock shatters into small pieces.
The orc warrior hits you with a broad axe!
You feel threatened and lose the ability to read scrolls!
The orc warrior hits you with a broad axe!
* * * LOW HITPOINT WARNING * * *
You focus your will and illuminate the orc warrior in retribution!
Evoke which item? (* to show all) (? for menu, Esc to quit)
Aiming: Dig
Press: ? - help, Shift-Dir - straight line The rock shatters into small pieces.
The orc warrior stops glowing.
The orc warrior hits you with a broad axe!!
You die...

####### ##
##.....############.#
#...∩......@o......#
#.......#########.##
##..∩..#.## ##.##
##''o###)## ##.##
#...# ##o###.##
####...#####.#.##
##≈.......≈###.##
####≈≈.......≈≈####
∩'.'≈≈.).....≈≈KK'


You could see an orc warrior.

Vanquished Creatures
  Prince Ribbit (D:5)
  The ghost of RedSky the Grasshopper, an amateur BaWr (D:4)
  A hungry ghost (D:7)
  2 orc warriors (Bailey)
  An eye of draining (D:5)
  A sky beast (D:6)
  3 ogres
  A bullfrog (D:6)
  2 scorpions (D:6)
  2 jellies (D:6)
  A howler monkey (D:6)
  3 vampire bats (D:4)
  4 crimson imps
  2 bullfrog zombies (D:6)
  2 hounds
  An orc priest (D:4)
  5 orc wizards
  A bullfrog skeleton (D:6)
  3 iguanas
  3 worker ants
  Robin (D:3)
  13 adders
  3 gnolls (D:4)
  A shadow imp (D:7)
  An adder zombie (D:6)
  3 oozes
  4 worms
  2 dart slugs
  4 leopard geckos
  20 orcs
  4 ball pythons
  6 bats
  2 bat skeletons (D:4)
  3 bat zombies (D:4)
  7 giant cockroaches
  18 goblins
  17 hobgoblins
  4 jackals (D:3)
  10 kobolds
  2 quokkas
  4 frilled lizards
  A jackal zombie (D:5)
  A leopard gecko zombie (D:7)
  A quokka skeleton (D:4)
  11 rats
183 creatures vanquished.

Vanquished Creatures (others)
  A hound zombie (D:6)
  An orc (D:4)
  A bat zombie (D:4)
3 creatures vanquished.

Grand Total: 186 creatures vanquished

Notes
Turn   | Place    | Note
-------+----------+-------------------------------------------
     0 | D:1      | Lasiace the Ogre Arcane Marksman began the quest for the Orb.
     0 | D:1      | Reached XP level 1. HP: 19/19 MP: 2/2
   140 | D:1      | Reached XP level 2. HP: 15/27 MP: 1/4
   285 | D:1      | Learned a level 2 spell: Slow
   793 | D:1      | Reached XP level 3. HP: 30/35 MP: 2/6
  1570 | D:2      | Reached XP level 4. HP: 36/44 MP: 3/8
  1782 | D:2      | Found a sacrificial altar of Ru.
  1787 | D:2      | Became a worshipper of Ru the Awakened
  2875 | D:3      | Reached XP level 5. HP: 53/53 MP: 6/9
  3461 | D:3      | Noticed Robin
  3610 | D:3      | Found a shadowy altar of Dithmenos.
  3752 | D:3      | Gained mutation: You are sensitive to extremes of temperature. (rF-, rC-) [Ru sacrifice]
  3752 | D:3      | Reached * piety under Ru
  3752 | D:3      | Reached ** piety under Ru
  3773 | D:3      | Killed Robin
  3853 | D:3      | Found a faded altar of an unknown god.
  4285 | D:4      | Reached XP level 6. HP: 44/62 MP: 7/10
  4426 | D:4      | Noticed RedSky's ghost (amateur BaWr)
  4714 | D:4      | Reached skill level 1 in Maces & Flails
  5051 | D:4      | Reached skill level 2 in Maces & Flails
  5297 | D:4      | Reached skill level 5 in Fighting
  5407 | D:4      | Killed RedSky's ghost
  5407 | D:4      | Reached skill level 3 in Maces & Flails
  5407 | D:4      | Reached XP level 7. HP: 72/72 MP: 3/11
  5900 | D:4      | Found an ancient bone altar of Kikubaaqudgha.
  5921 | D:4      | Reached skill level 4 in Maces & Flails
  6208 | D:5      | Entered Level 5 of the Dungeon
  6288 | D:5      | Found a snail-covered altar of Cheibriados.
  6288 | D:5      | Found a sparkling altar of Nemelex Xobeh.
  6394 | D:5      | Noticed Prince Ribbit
  6411 | D:5      | Killed Prince Ribbit
  6411 | D:5      | Reached skill level 5 in Maces & Flails
  6411 | D:5      | Reached XP level 8. HP: 75/83 MP: 10/12
  6535 | D:5      | Found a basalt altar of Yredelemnul.
  6742 | D:5      | Reached skill level 6 in Maces & Flails
  6747 | D:5      | Learned a level 3 spell: Portal Projectile
  7088 | D:6      | Found an opulent altar of Gozag.
  7371 | D:5      | Gained mutation: You cannot read scrolls while threatened. [Ru sacrifice]
  7371 | D:5      | Reached *** piety under Ru
  8379 | D:6      | Reached XP level 9. HP: 89/89 MP: 12/15
  8381 | D:6      | Reached skill level 5 in Hexes
  9288 | D:7      | Reached skill level 7 in Maces & Flails
  9388 | D:7      | Found a flagged portal.
  9393 | Bailey   | Entered a bailey
 10056 | Bailey   | Slain by an orc warrior

Vault maps used:
D:1:      tarquinn_simple_flora_water_c, minmay_misc_feat_chi, minmay_ruptured
D:2:      nicolae_ru_the_path_less_chosen
D:3:      grunt_dithmenos_smoke, chequers_ecumenical_altar_grove,
          kennysheep_generic_room_14, uniq_robin
D:4:      kennysheep_vampire_church, first_bread
D:5:      old_standard_altar, chequers_temple_overflow_statue_of_worship,
          minmay_door_square, uniq_prince_ribbit1
D:6:      grunt_gozag_statues
D:7:      kennysheep_mini_moat, minmay_temple_entry_nine_rooms, enter_bailey_3
Bailey:   bailey_axe_3, bailey

Skill      XL: |  1  2  3  4  5  6  7  8  9 |
---------------+----------------------------+-----
Hexes          | 3 4 6 |  6.0
Dodging        | 2 |  2.0
Fighting       | 2 3 4 5 6 |  6.2
Spellcasting   | 2 3 4 |  4.0
Throwing       | 3 4 |  4.0
Maces & Flails | 3 5 6 7 |  7.6

Action                   |  1- 3 |  4- 6 |  7- 9 || total
-------------------------+-------+-------+-------++-------
Melee: Club              |    39 |       |       ||    39
       Unarmed           |     9 |       |       ||     9
       Whip              |    97 |    44 |       ||   141
       Flail             |       |    91 |    66 ||   157
       Morningstar       |       |    13 |   189 ||   202
 Fire: Hunting sling     |       |    42 |    58 ||   100
       Fustibalus        |       |       |    10 ||    10
Throw: Large rock        |     9 |    25 |    10 ||    44
       Stone             |       |     4 |       ||     4
       Tomahawk          |       |       |    36 ||    36
 Cast: Corona            |    33 |    99 |   105 ||   237
       Slow              |       |     5 |     3 ||     8
       Portal Projectile |       |       |     4 ||     4
Invok: Sacrifice Resista |       |     1 |       ||     1
       Sacrifice Words   |       |       |     1 ||     1
Evoke: Wand              |       |       |     4 ||     4
  Use: Scroll            |       |       |    14 ||    14
 Stab: Invisible         |       |       |     5 ||     5
       Distracted        |       |       |     2 ||     2
  Eat: Chunk             |     3 |    13 |    15 ||    31
       Meat ration       |       |       |     2 ||     2
       Royal jelly       |       |       |     1 ||     1
       Fruit             |       |       |     1 ||     1
Armor: Robe              |    43 |    17 |    57 ||   117
       Animal skin       |       |    20 |     2 ||    22
Dodge: Dodged            |    94 |   104 |   206 ||   404

Table legend:
 A = Spawn XP
 B = Non-spawn XP
 C = Spawn XP percentage of total XP
 D = Spawn monster count
 E = Non-spawn monster count
 F = Spawn count percentage of total count
 G = Total turns spent on level
                    A         B        C        D         E        F      G
               +---------+---------+-------+---------+---------+-------+---------
         Total |       0 |    3466 |   0.0 |       0 |     186 |   0.0 | 10056
               +---------+---------+-------+---------+---------+-------+---------
           D:1 |       0 |      63 |   0.0 |       0 |      32 |   0.0 |  1505
           D:2 |       0 |      90 |   0.0 |       0 |      19 |   0.0 |  1349
           D:3 |       0 |     153 |   0.0 |       0 |      36 |   0.0 |  1868
           D:4 |       0 |     721 |   0.0 |       0 |      34 |   0.0 |  1486
           D:5 |       0 |     663 |   0.0 |       0 |      17 |   0.0 |  1113
           D:6 |       0 |    1077 |   0.0 |       0 |      24 |   0.0 |  1816
           D:7 |       0 |     417 |   0.0 |       0 |      12 |   0.0 |   256
        Bailey |       0 |     282 |   0.0 |       0 |      12 |   0.0 |   663
               +---------+---------+-------+---------+---------+-------+---------
